 Dungeon Crawl Stone Soup version 0.21-a0-278-ga722497 (webtiles) character file.

4865 Gorice the Archer (level 10, -7/83 HPs)
             Began as a Gnoll Arcane Marksman on Sept 19, 2017.
             Was a Follower of Okawaru.
             Mangled by a warg (11 damage)
             ... on level 9 of the Dungeon on Sept 20, 2017.
             The game lasted 01:13:20 (17381 turns).

Gorice the Archer (Gnoll Arcane Marksman)          Turns: 17381, Time: 01:13:21

Health: -7/83      AC: 14    Str:  7    XL:     10   Next: 50%
Magic:  11/12      EV: 17    Int:  7    God:    Okawaru [*.....]
Gold:   330        SH:  0    Dex:  7    Spells: 9/12 levels left

rFire    . . .     SeeInvis .   b - +2 whip (freeze)
rCold    . . .     Gourm    +   (no shield)
rNeg     . . .     Faith    .   u - +1 ring mail
rPois    +         Spirit   .   e - +0 helmet
rElec    .         Reflect  .   D - +0 cloak
rCorr    .         Harm     .   (no gloves)
MR       .....                  O - +0 pair of boots
Stlth    +++.......             y - amulet of the gourmand
HPRegen  0.23/turn              E - ring of flight
MPRegen  0.13/turn              o - ring of poison resistance

@: mighty, agile, heroism, very slightly contaminated, slowed, invisible, very
slow
A: unchanging attributes, fangs 1, strong nose
a: Heroism, Renounce Religion, Evoke Flight


You were on level 9 of the Dungeon.
You worshipped Okawaru.
Okawaru was aware of your devotion.
You were full.

You visited 2 branches of the dungeon, and saw 10 of its levels.

You collected 477 gold pieces.
You spent 147 gold pieces at shops.

Inventory:

Hand Weapons
 a - a +1 shortbow
 b - a +2 whip of freezing (weapon)
   (You took it off Pikel on level 5 of the Dungeon)
 n - a +0 quarterstaff
 v - a +0 trident of freezing
   (You took it off an orc on level 3 of the Dungeon)
 J - a +0 spear of piercing
   (You found it on level 6 of the Dungeon)
 R - a +0 rapier of flaming
   (You took it off Eustachio on level 4 of the Dungeon)
Missiles
 d - 125 arrows
 w - 4 tomahawks (quivered)
 S - 4 javelins of penetration
 Y - a throwing net
Armour
 e - a +0 helmet (worn)
 s - a +0 chain mail
 u - a +1 ring mail (worn)
 D - a +0 cloak (worn)
 H - a +0 plate armour
 M - a +2 leather armour of cold resistance
   (You took it off Eustachio on level 4 of the Dungeon)
 O - a +0 pair of boots (worn)
Magical Staves
 z - an uncursed staff of fire
Jewellery
 o - a ring of poison resistance (right hand)
 y - an amulet of the gourmand (around neck)
 E - a ring of flight (left hand)
 F - an uncursed amulet of magic regeneration
Wands
 I - a wand of polymorph (9/24)
 P - a wand of polymorph (13/24)
Scrolls
 h - 4 scrolls of remove curse
 x - 2 scrolls of enchant armour
 N - a scroll of fog
 Q - a scroll of torment {unknown}
Potions
 i - 2 potions of curing
 k - a potion of magic {!q}
 l - a potion of ambrosia
 p - 2 potions of agility {!q}
 q - 4 potions of mutation {!q}
 r - a potion of cancellation {!q}
 A - a potion of flight
 B - 2 potions of haste {unknown}
Books
 c - a book of Debilitation
 G - Sif Muna's Papyrus of Calling
   (You found it on level 6 of the Dungeon)

   Spells                             Type                      Level
   a - Summon Butterflies             Summoning                    1
Miscellaneous
 L - a lightning rod (4/4) {!a}
Comestibles
 f - 9 bread rations {!e}
 j - 3 royal jellies
 C - 2 fruits
 K - 3 meat rations {!e}


   Skills:
 + Level 9.5(14.5) Fighting
 + Level 11.8(16.8) Bows
 + Level 9.4(14.4) Armour
 - Level 2.6(7.6) Dodging
 - Level 1.5 Spellcasting
 + Level 9.1 Hexes
 - Level 2.2 Invocations


You had 9 spell levels left.
You knew the following spells:

 Your Spells              Type           Power        Failure   Level  Hunger
a - Corona                Hex            ##.....      2%          1    ##.....
b - Slow                  Hex            ##......     3%          2    ###....


Dungeon Overview and Level Annotations

Branches:
Dungeon (9/15)             Temple (1/1) D:6            Lair (0/6) D:9
    Orc: D:9-12

Altars:
Ashenzari
Cheibriados
Dithmenos
Elyvilon
Fedhas
Gozag
Hepliaklqana
Kikubaaqudgha
Makhleb
Nemelex Xobeh
Okawaru
Qazlal
Ru
Sif Muna
Trog
Uskayaw
Vehumet
Wu Jian
Xom
Yredelemnul
Zin
The Shining One

Shops:
D:6 *:

Annotations:
D:9 Erica, Maurice


Innate Abilities, Weirdness & Mutations

Your physical attributes are unchanging.
You have very sharp teeth.
Your uncanny sense of smell can sniff out nearby items.


Message History

Erica is severely wounded.
The warg struggles against the net.
Erica closely misses you.
You hit Erica. You freeze Erica.
Erica is severely wounded.
The warg struggles against the net.
The gnoll barely misses you. Erica casts a spell at you.
The orb of energy misses you.
The warg struggles against the net.
The net rips apart, and the warg comes free!
The gnoll throws a throwing net.
The throwing net misses the orc wizard.
The throwing net hits the warg.
The warg is caught in the net!
You closely miss Erica.
Erica is severely wounded.
The warg struggles against the net.
Erica completely misses you. The gnoll barely misses you.
The orc priest invokes the aid of Beogh against Erica.
The gnoll writhes in agony!
The gnoll dies!
Maurice gestures wildly while chanting.
Maurice flickers and vanishes!
Deactivating autopickup; reactivate with Ctrl-A.
The orc wizard casts a spell at Erica.
The magic dart hits the warg.
The warg struggles against the net.
You barely miss Erica.
Erica is severely wounded.
The gnoll closely misses you.
The warg struggles against the net.
Erica hits you but does no damage.
You barely miss Erica.
Erica is severely wounded.
The warg struggles against the net.
The net rips apart, and the warg comes free!
The gnoll hits you but does no damage. The warg barely misses you.
Erica hits you with a scimitar of flaming!
* * * LOW HITPOINT WARNING * * *
Erica burns you.
* * * LOW HITPOINT WARNING * * *
The gnoll completely misses you.
Damage: 13 (max 13)
You hit Erica. You freeze Erica.
Erica is almost dead.
The warg bites you.
* * * LOW HITPOINT WARNING * * *
The warg misses you. The gnoll closely misses you.
Damage: 5 (max 13)
You closely miss Erica.
Erica is almost dead.
The warg closely misses you. Erica hits you but does no damage.
The orc wizard casts a spell at Erica.
The orc resists with significant effort.
The warg bites you!
You die...

@...#...## # .#.......# .
.#.#....## . .#...#.?########## .
.#####.......@...# #
#.#########.# ##'## #.# ..
##...## #@# #. ####.....#######@#
#.### ..............###hgo#
#.#.## ##.........##.# o.g.#
####....# .'.........+ .o...#
......... .#.........#
.#....P..#.###.#...#
..........###...P.......##.###.##
##.#.....####...........# #.#..##
...##.............>.....# #.#.##
.####..#.#####.......g..# ##....


You could see Erica, a warg, an orc priest, an orc wizard, 2 gnolls and an orc
(wandering).

Vanquished Creatures
  Pikel (D:5)
  Joseph (D:8)
  A hippogriff (D:8)
  Sigmund (D:6)
  Eustachio (D:4)
  Grum (D:8)
  4 orc warriors
  A sky beast (D:7)
  3 ogres
  3 wolves (D:8)
  3 centaurs
  3 big kobolds
  A wyvern zombie (D:8)
  Blork the orc (D:6)
  2 bullfrogs
  A scorpion (D:8)
  9 killer bees
  4 howler monkeys
  4 crimson imps
  4 jellies
  Crazy Yiuf (D:4)
  2 orc priests (D:4)
  5 hounds
  4 orc wizards
  A bullfrog skeleton (D:7)
  Jessica (D:3)
  3 iguanas
  11 worker ants
  A gnoll (D:4)
  11 adders
  2 shadow imps
  An ooze (D:2)
  An adder zombie (D:8)
  5 worms
  A dart slug (D:1)
  6 leopard geckos
  26 orcs
  A ball python (D:2)
  6 giant cockroaches
  6 hobgoblins
  8 jackals
  24 kobolds
  3 quokkas
  7 bats
  3 frilled lizards
  8 goblins
  A quokka zombie (D:8)
  9 rats
  A spectral orc (D:4)
208 creatures vanquished.

Vanquished Creatures (others)
  A slave (D:6)
  A crimson imp (D:9)
  A gnoll (D:9)
  2 goblins (D:6)
  A kobold (D:6)
6 creatures vanquished.

Grand Total: 214 creatures vanquished

Notes
Turn   | Place    | Note
-------+----------+-------------------------------------------
     0 | D:1      | Gorice the Gnoll Arcane Marksman began the quest for the Orb.
     0 | D:1      | Reached XP level 1. HP: 15/15 MP: 3/3
    82 | D:1      | Reached skill level 3 in Bows
    89 | D:1      | Reached skill level 2 in Fighting
    91 | D:1      | Reached XP level 2. HP: 22/22 MP: 0/4
   133 | D:1      | Reached skill level 1 in Armour
   563 | D:1      | Reached XP level 3. HP: 28/28 MP: 0/5
   790 | D:1      | Reached skill level 2 in Armour
  1121 | D:2      | HP: 8/28 [poisoned by an adder]
  1128 | D:2      | HP: 6/28 [poisoned by an adder]
  1295 | D:2      | Reached skill level 4 in Bows
  1330 | D:2      | Reached skill level 3 in Fighting
  1350 | D:2      | Reached XP level 4. HP: 24/35 MP: 2/6
  1585 | D:2      | Found a bloodstained altar of Trog.
  1587 | D:2      | Found a shadowy altar of Dithmenos.
  1611 | D:2      | Found a shattered altar of Ashenzari.
  1720 | D:2      | HP: 6/35 [worm (6)]
  2234 | D:2      | Reached skill level 3 in Armour
  2374 | D:2      | Found a sacrificial altar of Ru.
  2690 | D:3      | Reached XP level 5. HP: 15/41 MP: 4/7
  2692 | D:3      | HP: 12/41 [poisoned by a worker ant]
  2697 | D:3      | HP: 10/41 [poisoned by a worker ant]
  2702 | D:3      | HP: 9/41 [poisoned by a worker ant]
  2709 | D:3      | HP: 8/41 [poisoned by a worker ant]
  2717 | D:3      | HP: 7/41 [poisoned by a worker ant]
  3255 | D:3      | Noticed Jessica
  3271 | D:3      | Killed Jessica
  3292 | D:3      | Reached skill level 5 in Bows
  3317 | D:3      | Reached skill level 4 in Fighting
  4311 | D:4      | Reached XP level 6. HP: 48/48 MP: 6/8
  4333 | D:4      | Reached skill level 4 in Armour
  4459 | D:4      | Found a runed door.
  4463 | D:4      | Noticed Crazy Yiuf
  4510 | D:4      | HP: 14/49 [poisoned by a worker ant]
  4515 | D:3      | HP: 13/49 [poisoned by a worker ant]
  4522 | D:3      | HP: 12/49 [poisoned by a worker ant]
  4530 | D:3      | HP: 12/49 [poisoned by a worker ant]
  4878 | D:4      | Killed Crazy Yiuf
  5057 | D:4      | Reached skill level 6 in Bows
  5443 | D:4      | HP: 10/49 [orc priest/divine providence (15)]
  5779 | D:4      | HP: 11/50 [ogre/giant club (12)]
  5780 | D:4      | Reached skill level 5 in Fighting
  5780 | D:4      | Reached skill level 7 in Bows
  5780 | D:4      | Reached XP level 7. HP: 13/56 MP: 6/9
  6091 | D:4      | Noticed Eustachio
  6785 | D:4      | Reached skill level 5 in Armour
  6833 | D:4      | Found a basalt altar of Yredelemnul.
  7044 | D:5      | Entered Level 5 of the Dungeon
  8174 | D:6      | Reached skill level 8 in Bows
  8175 | D:6      | Noticed Sigmund
  8237 | D:6      | Found Bikocvim's Assorted Antiques.
  8249 | D:6      | HP: 15/57 [centaur/arrow (8)]
  8250 | D:6      | HP: 6/57 [centaur/arrow (9)]
  8255 | D:5      | HP: 3/57 [worker ant (4)]
  8667 | D:5      | Reached XP level 8. HP: 64/64 MP: 5/10
  8704 | D:6      | Found a staircase to the Ecumenical Temple.
  8711 | D:6      | Noticed Blork the orc
  8713 | Temple   | Entered the Ecumenical Temple
  9144 | D:6      | Killed Sigmund
  9144 | D:6      | Reached skill level 6 in Fighting
  9144 | D:6      | Reached skill level 6 in Armour
  9164 | D:6      | Bought a scroll of identify for 42 gold pieces
  9166 | D:6      | Bought a twisted wooden ring for 105 gold pieces
  9262 | D:6      | Killed Blork the orc
  9262 | D:6      | Reached skill level 9 in Bows
  9262 | D:6      | Reached skill level 5 in Hexes
  9294 | D:6      | Found Xoniged's Book Shop.
  9704 | D:6      | Found a radiant altar of Vehumet.
  9710 | D:6      | Found an ancient bone altar of Kikubaaqudgha.
  9711 | D:6      | Found a deep blue altar of Sif Muna.
  9714 | D:6      | Identified Sif Muna's Papyrus of Calling
 10442 | D:6      | HP: 19/65 [killer bee (1)]
 10447 | D:6      | HP: 15/65 [poisoned by a killer bee]
 10452 | D:5      | HP: 13/65 [poisoned by a killer bee]
 10458 | D:5      | HP: 11/65 [poisoned by a killer bee]
 10464 | D:5      | HP: 10/65 [poisoned by a killer bee]
 10472 | D:5      | HP: 10/65 [poisoned by a killer bee]
 12116 | D:7      | Reached skill level 7 in Fighting
 12116 | D:7      | Reached skill level 10 in Bows
 12116 | D:7      | Reached XP level 9. HP: 44/72 MP: 7/11
 12315 | D:7      | Reached skill level 7 in Armour
 12315 | D:7      | Reached skill level 6 in Hexes
 12462 | D:6      | Noticed Pikel
 12640 | D:5      | HP: 20/72 [Pikel/whip of freezing (2)]
 12929 | D:5      | Learned a level 2 spell: Slow
 13032 | D:5      | HP: 20/72 [Pikel/whip of freezing (4)]
 13034 | D:5      | Killed Pikel
 13669 | D:7      | Reached skill level 7 in Hexes
 13788 | D:7      | Found a white marble altar of Elyvilon.
 13976 | D:7      | Found an iron altar of Okawaru.
 13979 | D:7      | Became a worshipper of Warmaster Okawaru
 14264 | D:7      | Reached skill level 8 in Fighting
 14462 | D:7      | Reached skill level 8 in Armour
 14583 | D:4      | Killed Eustachio
 14760 | D:7      | Upgraded the game from 0.21-a0-274-gc1afaeb to 0.21-a0-278-ga722497
 14944 | D:8      | Reached skill level 11 in Bows
 15207 | D:8      | Found a hide-covered altar of Uskayaw.
 15219 | D:8      | Reached skill level 8 in Hexes
 15289 | D:8      | Reached XP level 10. HP: 68/82 MP: 7/12
 15323 | D:8      | Reached * piety under Okawaru
 15362 | D:8      | Reached skill level 9 in Fighting
 15483 | D:8      | Found a hazy altar of Hepliaklqana.
 15509 | D:8      | Reached skill level 9 in Armour
 15525 | D:8      | Found a shimmering altar of Xom.
 15529 | D:8      | Noticed a spectral ugly thing
 15590 | D:8      | Noticed Grum
 15614 | D:8      | Reached skill level 1 in Invocations
 15660 | D:8      | Killed Grum
 16175 | D:8      | Noticed Joseph
 16201 | D:8      | Killed Joseph
 16201 | D:8      | Reached skill level 2 in Invocations
 16846 | D:9      | Reached skill level 9 in Hexes
 17136 | D:9      | Noticed Erica
 17312 | D:9      | Noticed a two-headed ogre
 17351 | D:9      | Found a staircase to the Lair.
 17352 | D:9      | HP: 22/83 [orc priest/flail of crushing (9)]
 17353 | D:9      | Noticed Maurice
 17356 | D:9      | HP: 9/83 [warg (2)]
 17371 | D:9      | HP: 21/83 [orc wizard/magic dart (3)]
 17379 | D:9      | HP: 13/83 [Erica/scimitar of flaming (9)]
 17380 | D:9      | HP: 4/83 [warg (6)]
 17381 | D:9      | Mangled by a warg

Vault maps used:
D:1:      dpeg_arrival_pits, hangedman_decor_slide_cut, minmay_misc_feat_five,
          minmay_close_crescents
D:2:      nicolae_ru_sacrificial_ziggurat, gammafunk_temple_overflow_forgotten
D:3:      uniq_jessica
D:4:      yredelemnul_forgotten_temple_becter, first_bread,
          hangedman_decor_push, cheibrodos_gnoll_hut, uniq_crazy_yiuf_cottage,
          uniq_eustachio
D:6:      corexii_shack_village, grunt_temple_overflow_magic_moments,
          minmay_temple_entry_statues_fountains, serial_shops, shop, shop,
          uniq_sigmund, uniq_pikel, uniq_blork_the_orc
D:7:      kennysheep_mini, grunt_ogre_cave, minmay_misc_feat_enclosed,
          minmay_misc_feat_doors, elyvilon_altar_5
D:8:      regret_index_temple_of_mockery, eat_drink_and_be_merry_uskayaw,
          uniq_joseph, uniq_grum
D:9:      erik_lair_orcish_takeover, uniq_erica, uniq_maurice
Temple:   eino_wide_crystal_templ

Skill      XL: |  1  2  3  4  5  6  7  8  9 10 |
---------------+-------------------------------+-----
Bows           | 3 4 5 7 8 10 11 | 11.8
Fighting       | 2 3 4 5 7 8 9 |  9.5
Armour         | 1 2 3 4 5 6 8 9 |  9.4
Hexes          | 5 8 9 |  9.1
Invocations    | 2 |  2.2
Dodging        | |  2.6
Spellcasting   | |  1.5

Action                   |  1- 3 |  4- 6 |  7- 9 | 10-12 || total
-------------------------+-------+-------+-------+-------++-------
Melee: Whip              |       |       |       |    69 ||    69
 Fire: Shortbow          |   136 |   265 |   644 |   204 ||  1249
 Cast: Corona            |    43 |    51 |   144 |    45 ||   283
       Slow              |       |       |    23 |    17 ||    40
Invok: Heroism           |       |       |       |     6 ||     6
  Use: Scroll            |     6 |     5 |    15 |     3 ||    29
       Potion            |     1 |       |     4 |     4 ||     9
  Eat: Chunk             |     3 |    19 |    46 |     8 ||    76
Armor: Ring mail         |    58 |    47 |   247 |   115 ||   467
Dodge: Dodged            |    81 |    89 |   337 |   171 ||   678

Table legend:
 A = Spawn XP
 B = Non-spawn XP
 C = Spawn XP percentage of total XP
 D = Spawn monster count
 E = Non-spawn monster count
 F = Spawn count percentage of total count
 G = Total turns spent on level
                    A         B        C        D         E        F      G
               +---------+---------+-------+---------+---------+-------+---------
         Total |       0 |    6951 |   0.0 |       0 |     209 |   0.0 | 17381
               +---------+---------+-------+---------+---------+-------+---------
           D:1 |       0 |      57 |   0.0 |       0 |      34 |   0.0 |  1251
           D:2 |       0 |      91 |   0.0 |       0 |      24 |   0.0 |  1388
           D:3 |       0 |     200 |   0.0 |       0 |      14 |   0.0 |  2267
           D:4 |       0 |     725 |   0.0 |       0 |      20 |   0.0 |  2268
           D:5 |       0 |     908 |   0.0 |       0 |      13 |   0.0 |  3520
           D:6 |       0 |    1194 |   0.0 |       0 |      30 |   0.0 |  2620
           D:7 |       0 |     771 |   0.0 |       0 |      22 |   0.0 |  1439
           D:8 |       0 |    2466 |   0.0 |       0 |      40 |   0.0 |  1892
           D:9 |       0 |     539 |   0.0 |       0 |      12 |   0.0 |   681
               +---------+---------+-------+---------+---------+-------+---------

Table legend:
 A = Turns spent in this place as a percentage of turns spent in the entire game.
 B = Non-inter-level travel turns spent in this place as a percentage of non-inter-level travel turns spent in the entire game.
 C = Inter-level travel turns spent in this place as a percentage of turns spent in this place.
 D = Turns resting spent in this place as a percentage of non-inter-level travel turns spent in this place.
 E = Turns spent auto-exploring this place as a percentage of non-inter-level travel turns spent in this place.
 F = Non-inter-level travel turns spent in this place divided by the number of levels of this place that you've seen.
                   A       B       C       D       E      F
               +-------+-------+-------+-------+-------+----------------------
         Total | 100.0 | 100.0 |   5.6 |  38.3 |  29.4 | 1640.6
       Dungeon |  99.7 |  99.7 |   5.6 |  38.4 |  29.2 | 1817.4
        Temple |   0.3 |   0.3 |  10.9 |   0.0 |  95.9 |  49.0
               +-------+-------+-------+-------+-------+----------------------

Vault maps used:
D:1:      dpeg_arrival_pits, hangedman_decor_slide_cut, minmay_misc_feat_five,
          minmay_close_crescents
D:2:      nicolae_ru_sacrificial_ziggurat, gammafunk_temple_overflow_forgotten
D:3:      uniq_jessica
D:4:      yredelemnul_forgotten_temple_becter, first_bread,
          hangedman_decor_push, cheibrodos_gnoll_hut, uniq_crazy_yiuf_cottage,
          uniq_eustachio
D:6:      corexii_shack_village, grunt_temple_overflow_magic_moments,
          minmay_temple_entry_statues_fountains, serial_shops, shop, shop,
          uniq_sigmund, uniq_pikel, uniq_blork_the_orc
D:7:      kennysheep_mini, grunt_ogre_cave, minmay_misc_feat_enclosed,
          minmay_misc_feat_doors, elyvilon_altar_5
D:8:      regret_index_temple_of_mockery, eat_drink_and_be_merry_uskayaw,
          uniq_joseph, uniq_grum
D:9:      erik_lair_orcish_takeover, uniq_erica, uniq_maurice
Temple:   eino_wide_crystal_templ
